 Dungeon Crawl Stone Soup version 0.28-a0-823-gb444dcf96d (webtiles) character file.

Game seed: 11074929157092117611

18 cheechan the Skirmisher (level 2, 0/28 HPs)
             Began as a Naga Fighter on Nov 9, 2021.
             Slain by a gnoll (11 damage)
             ... on level 2 of the Dungeon.
             The game lasted 00:02:04 (591 turns).

cheechan the Skirmisher (Naga Fighter)               Turns: 591, Time: 00:02:04

Health: 0/28       AC:  4    Str: 18    XL:     2   Next: 66%
Magic:  11/11      EV:  7    Int:  8    God:
Gold:   21         SH:  4    Dex: 10    Spells: 1/1 levels left

rFire   . . .      SeeInvis +   a - +0 war axe
rCold   . . .      Faith    .   c - +0 buckler
rNeg    . . .      Spirit   .   b - +0 scale mail
rPois   +          Reflect  .   (no helmet)
rElec   .          Harm     .   (no cloak)
rCorr   .          Rampage  .   (no gloves)
Will    .....                   (no barding)
Stlth   ..........              (no amulet)
HPRegen 0.09/turn               e - ring of magical power
MPRegen 0.12/turn               (no ring)

@: very slow
A: AC +0, large, see invisible, deformed body, poison resistance, slowness 2,
spit poison 1, naga tail 1
a: Spit Poison


You were on level 2 of the Dungeon.
You visited 1 branch of the dungeon, and saw 2 of its levels.

You collected 21 gold pieces.

Inventory:

Hand Weapons
 a - a +0 war axe (weapon)
Missiles
 f - 15 sling bullets
Armour
 b - a +0 scale mail (worn)
 c - a +0 buckler (worn)
Jewellery
 e - a ring of magical power (left hand)
Potions
 d - a potion of might
 g - 2 potions of heal wounds {unknown}
 h - a potion of brilliance {unknown}
 i - a potion of curing {unknown}


   Skills:
 + Level 3.1 Fighting
 + Level 2.4 Axes
 + Level 2.5 Armour
 + Level 2.6 Shields


You had one spell level left.
You didn't know any spells.
Your spell library was empty.

Dungeon Overview and Level Annotations

Branches:
Dungeon (1/15)

Altars:

Shops:
D:2 *


Innate Abilities, Weirdness & Mutations

Your serpentine skin is tough. (AC +0)
You have supernaturally acute eyesight. (SInv)
Armour fits poorly on your strangely shaped body.
Your system is resistant to poisons. (rPois)
You cover ground very slowly.
You can spit poison.
You have a snake-like lower body.


Message History

a +0 dagger; a stone
Things that are here:
a +0 dagger; a stone You fall into a shaft and drop 1 floor!
The shaft crumbles and collapses.
A quokka, an endoplasm and a gnoll come into view.
The gnoll shouts!
You hear a shout!
Found Deemom's Assorted Antiques.
Abil: Spit Poison
Press: ? - help, Q - select action Shift-Dir - straight line, f - endoplasm
Aim: an endoplasm The splash of poison misses the endoplasm.
A gnoll comes into view. It is wielding a +0 halberd.
Unknown command.
You hit the endoplasm.
The endoplasm is lightly wounded.
The endoplasm hits you. The quokka barely misses you.
A gnoll comes into view. It is wielding a +0 flail.
The endoplasm hits you but does no damage.
The quokka barely misses you.
You closely miss the quokka.
The gnoll shouts!
You slash the endoplasm!
You kill the endoplasm!
You hear a shout!
The quokka bites you but does no damage.
A gnoll comes into view. It is wielding a +0 club.
A frilled lizard comes into view.
The quokka barely misses you.
You miss the quokka. You hit the gnoll.
You have got your breath back.
You block the quokka's attack.
You miss the quokka. You slash the gnoll! You block the quokka's attack.
The gnoll hits you with a +0 flail! The gnoll closely misses you.
The quokka bites you but does no damage.
The gnoll hits you with a +0 flail. The gnoll closely misses you.
You block the quokka's attack. The gnoll hits you with a +0 flail!
You die...

# . # .# .. #.
#. #.#. .. ...
.#
#####.####.#####
................
.......g.r∩.....
######..@#.##.#.
#...gg# #
#.#...# #.#..g.
. #...#. #
...... ...... .
#.....#


You could see 4 gnolls and a quokka.

Vanquished Creatures
  A dart slug (D:1)
  3 ball pythons (D:1)
  2 bats (D:1)
  An endoplasm (D:2)
  A giant cockroach (D:1)
  A hobgoblin (D:1)
  4 kobolds (D:1)
  A frilled lizard (D:1)
14 creatures vanquished.

Notes
Turn   | Place    | Note
-------+----------+-------------------------------------------
     0 | D:1      | cheechan the Naga Fighter began the quest for the Orb.
     0 | D:1      | Reached XP level 1. HP: 21/21 MP: 1/1
   153 | D:1      | Reached XP level 2. HP: 18/28 MP: 2/2
   584 | D:1      | You fall into a shaft and drop 1 floor!
   584 | D:2      | Found Deemom's Assorted Antiques.
   591 | D:2      | Slain by a gnoll

Illustrated notes

Levels and vault maps discovered:
D:1:      tarquinn_simple_flora_water_e, layout_loops_cross
D:2:      layout_basic, serial_shops, shop, shop_fountains, shop_fountains

Action                   || total
-------------------------++-------
Melee: War axe           ||    30
 Abil: Spit Poison       ||     3
  Use: Scroll            ||     1
Armor: Scale mail        ||    25
Dodge: Dodged            ||    20
Block: Buckler           ||    10

Table legend: (Time is in decaauts)
 A = Elapsed time spent in this place.
 B = Non-inter-level travel time spent in this place.
 C = Inter-level travel time spent in this place.
 D = Time resting spent in this place.
 E = Time spent auto-exploring this place.
 F = Levels seen in this place.
 G = Mean time per level.
                   A        B        C        D        E       F      G
               +--------+--------+--------+--------+--------+-----+--------+
         Total |    820 |    820 |      0 |      0 |      0 |   2 |  410.0 |
       Dungeon |    820 |    820 |      0 |      0 |      0 |   2 |  410.0 |
               +--------+--------+--------+--------+--------+-----+--------+

Top non-repeatable levels by time:
     D:1: 811 daAuts
     D:2: 9 daAuts
